AoeStats
← Iamak3186

Arabia

504539440Analyzed
1v1 RM · 27d ago on Sep 5, 2026· 45m 52s· 2 players
Game mode
Random Map
Map size
Tiny (2 player)
Population
200
Speed
Normal
Resources
Standard
Victory
Conquest
Starting age
Dark Age
Ending age
Imperial Age
RankedLock teamsTeams togetherTeam positionsShared explorationLock speedFull tech treeHidden civsTurbo modeCheats
Victory
Defeat
🇬🇧 Byzantines · United Kingdom
1156
+18
🇮🇳 Franks · India
1204
-18
Iamak3186
5:29 Loom
8:32 Feudal Age
9:39 Double-Bit Axe
20:55 Castle Age
19:59 Wheelbarrow
20:56 Gold Mining
21:28 Scale Barding Armor
21:33 Forging
21:53 Bow Saw
24:43 Chain Barding Armor
24:19 Town Watch
27:49 Pikeman
30:31 Scale Mail Armor
35:21 Imperial Age
33:34 Gambesons
36:41 Chain Mail Armor
35:49 Halberdier
37:50 Iron Casting
39:49 Cavalier
41:16 Light Cavalry
41:57 Husbandry
43:10 Plate Barding Armor
42:17 Paladin
45:15 Fletching
BGSnell
7:07 Loom
9:52 Feudal Age
10:47 Double-Bit Axe
10:52 Horse Collar
12:05 Man-at-Arms
18:24 Wheelbarrow
21:34 Castle Age
19:37 Gold Mining
20:18 Fletching
22:02 Scale Barding Armor
22:08 Forging
22:31 Bow Saw
22:22 Heavy Plow
25:48 Chain Barding Armor
25:57 Husbandry
27:10 Iron Casting
28:46 Elite Skirmisher
29:23 Bodkin Arrow
30:56 Hand Cart
34:55 Imperial Age
36:39 Two-Man Saw
36:09 Crop Rotation
35:42 Bracer
36:18 Plate Barding Armor
36:37 Ballistics
36:23 Siphons
37:16 Heavy Camel Rider
38:15 Padded Archer Armor
41:34 Chemistry
40:51 Leather Archer Armor
Connection lost

Rejoining the realm…

Still unreachable

The connection could not be restored.

Session expired

The server has moved on; the page needs a fresh start.